 Seeded DCSS version 0.30-a0-585-g93115170b9 (webtiles) character file.

Game seed: 20230101 (custom seed)

676 purpskrrrp the Shield-Bearer (level 7, -9/55 HPs)
             Began as a Formicid Fighter on Jan 1, 2023.
             Mangled by an ogre
             ... wielding a +0 giant club
              (31 damage)
             ... on level 6 of the Dungeon.
             The game lasted 00:05:11 (4486 turns).

purpskrrrp the Shield-Bearer (Formicid Fighter)     Turns: 4486, Time: 00:05:12

Health: -9/55      AC: 13    Str: 29    XL:     7   Next: 91%
Magic:  7/7        EV:  7    Int:  7    God:
Gold:   274        SH:  6    Dex: 13    Spells: 6/6 levels left

rFire   . . .      SeeInvis +    w - +0 broad axe
rCold   . . .      Faith    +    c - +0 buckler
rNeg    . . .      Spirit   .    r - +0 plate armour
rPois   .          Reflect  .    (helmet unavailable)
rElec   .          Harm     .    (no cloak)
rCorr   .          Rampage  .    h - +0 pair of gloves
Will    .....                    (no boots) Stlth
                                 q - amulet of faith
HPRegen 0.29/turn                g - +4 ring of slaying
MPRegen 0.10/turn                l - +6 ring of strength

@: mighty
A: permanent stasis, dig shafts and tunnels, antennae 3, four strong arms
a: Dig, Shaft Self


You were on level 6 of the Dungeon.
You visited 1 branch of the dungeon, and saw 6 of its levels.

You collected 274 gold pieces.

Inventory:

Hand Weapons
 a - a +2 war axe
 w - a +0 broad axe (weapon)
Armour
 b - a +0 scale mail
 c - a +0 buckler (worn)
 h - a +0 pair of gloves (worn)
 r - a +0 plate armour (worn)
Jewellery
 g - a +4 ring of slaying (left hand)
 l - a +6 ring of strength (right hand)
 m - a ring of flight
 q - an amulet of faith (around neck)
 u - a ring of wizardry
 B - a +4 ring of protection
 F - an amulet of regeneration
Wands
 y - a wand of polymorph (7)
 A - a wand of mindburst (15)
Scrolls
 j - a scroll of amnesia
 k - a scroll of teleportation
 s - a scroll of fog
 v - a scroll of magic mapping
 x - a scroll of enchant weapon
Potions
 e - a potion of ambrosia
 f - a potion of heal wounds {unknown}
 i - 2 potions of lignification
 n - 3 potions of curing
 o - a potion of brilliance {unknown}
 z - a potion of cancellation {unknown}
 G - a potion of flight {unknown}


   Skills:
 + Level 4.8 Fighting
 * Level 5.0 Axes
 + Level 4.8 Armour
 * Level 7.2 Shields


You had 6 spell levels left.
You didn't know any spells.
Your spell library contained the following spells:

 Spells                   Type           Power      Damage    Failure   Level
 Apportation              Tloc           0%         N/A       99%         1
 Necrotise                Necr           0%         1d4       99%         1
 Sting                    Tmut/Pois      0%         1d3       99%         1
 Summon Small Mammal      Summ           0%         N/A       99%         1
 Poisonous Vapours        Pois/Air       0%         N/A       100%        2
 Scorch                   Fire           0%         2d5       100%        2
 Tukima's Dance           Hex            0%         N/A       100%        3
 Flame Wave               Conj/Fire      0%         2d4       100%        4
 Olgreb's Toxic Radiance  Pois           0%         N/A       100%        4
 Passage of Golubria      Tloc           0%         N/A       100%        4
 Yara's Violent Unravell  Hex/Tmut       0%         3d3       100%        5
 Summon Cactus Giant      Summ           0%         N/A       100%        6


Dungeon Overview and Level Annotations

Branches:
Dungeon (6/15)
 Temple: D:4-7

Altars:

Shops:
D:1 (   D:2 :


Innate Abilities, Weirdness & Mutations

You cannot be hasted, slowed, berserked, paralysed or teleported.
You can dig through walls and to a lower floor.
You have a pair of large antennae on your head. (SInv)
Your four strong arms can wield two-handed weapons with a shield.


Message History

No target in view!
No target in view!
No target in view!
No target in view!
No target in view!
No target in view!
HP restored.
An ogre comes into view. It is wielding a +0 giant club.
An ogre is nearby!
An ogre is nearby!
An ogre is nearby!
The ogre hits you with a +0 giant club!
You barely miss the ogre. The ogre closely misses you.
You slash the ogre!
The ogre is moderately wounded.
The ogre hits you with a +0 giant club!!
You hit the ogre.
The ogre is heavily wounded.
The ogre hits you with a +0 giant club!
You are too injured to fight recklessly!
You are too injured to fight recklessly!
You are too injured to fight recklessly!
You are too injured to fight recklessly!
You are too injured to fight recklessly!
You are too injured to fight recklessly!
You are too injured to fight recklessly!
You are too injured to fight recklessly!
You are too injured to fight recklessly!
You are too injured to fight recklessly!
You are too injured to fight recklessly!
You are too injured to fight recklessly!
You are too injured to fight recklessly!
You are too injured to fight recklessly!
You are too injured to fight recklessly!
You feel very mighty all of a sudden.
You hit the ogre.
The ogre is severely wounded.
The ogre hits you with a +0 giant club!!
Ouch! That really hurt!
You die...

....####...#
..........# .
#......... ..
#.......# ...
#.......##### ....
#............
#...## #........#
#...###<....†..###
#O@.####.........
###..............
##..###........
#>.# #........
#.## #........ ...
......... ....
.######## ......
.......


You could see an ogre.

Vanquished Creatures
  A water moccasin (D:5)
  A kobold brigand (D:4)
  A phantom (D:5)
  A scorpion (D:5)
  An orc priest (D:5)
  A hound (D:4)
  A jelly (D:5)
  4 iguanas
  An orc wizard (D:5)
  8 adders
  A shadow imp (D:5)
  An ufetubus (D:5)
  A worm (D:3)
  3 dart slugs (D:2)
  5 orcs
  5 ball pythons
  6 bats
  8 endoplasms
  2 giant cockroaches
  5 goblins
  5 hobgoblins
  10 kobolds
  A quokka (D:2)
  6 frilled lizards
  4 rats
83 creatures vanquished.

Notes
Turn   | Place    | Note
-------+----------+-------------------------------------------
     0 | D:1      | purpskrrrp the Formicid Fighter began the quest for the
                  | Orb.
     0 | D:1      | Reached XP level 1. HP: 18/18 MP: 1/1
    69 | D:1      | Reached XP level 2. HP: 16/24 MP: 2/2
   230 | D:1      | Found Coskaan's Antique Weapon Boutique.
   610 | D:1      | Reached XP level 3. HP: 27/29 MP: 3/3
   755 | D:2      | Reached XP level 4. HP: 31/37 MP: 4/4
   941 | D:2      | Found Foussoh's Book Shoppe.
  1898 | D:3      | Reached skill level 5 in Shields
  2026 | D:3      | Reached XP level 5. HP: 42/42 MP: 5/5
  2660 | D:4      | Noticed a kobold brigand
  2676 | D:4      | Killed a kobold brigand
  2677 | D:4      | Reached XP level 6. HP: 26/48 MP: 6/6
  2970 | D:5      | Entered Level 5 of the Dungeon
  3053 | D:5      | Reached skill level 6 in Shields
  3323 | D:5      | Reached XP level 7. HP: 51/55 MP: 7/7
  3644 | D:5      | Noticed a water moccasin
  3657 | D:5      | Killed a water moccasin
  3658 | D:5      | Reached skill level 7 in Shields
  3792 | D:5      | Reached skill level 5 in Axes
  4486 | D:6      | Mangled by an ogre

Illustrated notes

Levels and vault maps discovered:
D:1:      spicycebolla_arrival_ecumenical, layout_basic, serial_shops,
          nicolae_shop_behind_doors
D:2:      layout_rooms, serial_shops, nicolae_lakefront_shop,
          dreamdust_princess_corridor, wander_ebering_terrifying_dragon_lair
D:3:      minmay_general_purpose_star, layout_basic,
          minmay_randomly_rotated_circles
D:4:      layout_basic, bh_walls_and_bars
D:5:      layout_basic
D:6:      layout_basic, minmay_a_box_with_orc_wizards_in_it

Skill      XL: |  1  2  3  4  5  6  7 |
---------------+----------------------+-----
Axes           | 3 4 5 |  5.0
Shields        | 5 6 7 |  7.2
Fighting       | 4 |  4.8
Armour         | 4 |  4.8

Action                   |  1- 3 |  4- 6 |  7- 9 || total
-------------------------+-------+-------+-------++-------
Melee: War axe           |    68 |    68 |       ||   136
       Broad axe         |       |    41 |    42 ||    83
  Use: Scroll            |       |     7 |     7 ||    14
       Potion            |       |       |     1 ||     1
Armor: Scale mail        |    38 |     4 |       ||    42
       Plate armour      |       |    49 |    14 ||    63
Dodge: Dodged            |    29 |    38 |    13 ||    80
Block: Buckler           |    15 |    27 |     9 ||    51

Table legend: (Time is in decaauts)
 A = Elapsed time spent in this place.
 B = Non-inter-level travel time spent in this place.
 C = Inter-level travel time spent in this place.
 D = Time resting spent in this place.
 E = Time spent auto-exploring this place.
 F = Levels seen in this place.
 G = Mean time per level.
                   A        B        C        D        E       F      G
               +--------+--------+--------+--------+--------+-----+--------+
         Total |   4568 |   4455 |    113 |    534 |   3183 |   6 |  761.3 |
       Dungeon |   4568 |   4455 |    113 |    534 |   3183 |   6 |  761.3 |
               +--------+--------+--------+--------+--------+-----+--------+

Top non-repeatable levels by time:
     D:5: 1473 daAuts
     D:2: 957 daAuts
     D:3: 753 daAuts
     D:1: 681 daAuts
     D:4: 633 daAuts
     D:6: 68 daAuts
